Map: Hardwire LE

Players

Dark

  • Race: Zerg Zerg

Reynor - Winner!

  • Race: Zerg Zerg

Event: TSL 8

VOD

Have the link to the VOD?

Description

Time

  • Played on: Dec. 11, 2021, 7:04 a.m.
  • Length: 8:00

All games in this series

Show
View Real Time Build Order
Export as new Build Order

Dark Zerg 

Build Orders: Hatch First 

Get SALT Encoding   

  12  0:00  Drone  
  13  0:12  Overlord  
  13  0:16  Drone  
  14  0:30  Drone x2  
  16  0:47  Hatchery  
  15  0:51  Drone  
  15  0:54  Drone  
  17  0:57  Drone  
  18  1:08  Extractor  
  17  1:13  Spawning Pool  
  17  1:15  Drone  
  17  1:19  Drone  
  18  1:28  Drone  
  19  1:38  Drone  
  20  1:50  Drone  
  21  2:00  Queen  
  21  2:01  Queen  
  25  2:03  Drone  
  25  2:05  Zergling x2  
  27  2:11  Overlord  
  27  2:12  Drone  
  27  2:13  Metabolic Boost  
  28  2:29  Zergling x2  
  29  2:30  Drone  
  29  2:32  Drone x2  
  32  2:38  Hatchery  
  31  2:46  Queen  
  33  2:52  Baneling Nest  
  33  2:56  Overlord  
  32  2:59  Drone  
  32  3:00  Drone  
  35  3:05  Drone x2  
  36  3:14  Drone x4  
  40  3:21  Overlord  
  40  3:24  Drone x2  
  40  3:26  Zergling x2  
  43  3:28  Drone  
  43  3:33  Extractor  
  43  3:34  Evolution Chamber  
  43  3:37  Zergling x2  
  43  3:38  Drone  
  44  3:45  Drone x5  
  49  3:49  Overlord  
  49  3:54  Zergling x4  
  51  3:59  Extractor  
  51  4:02  Baneling  
  47  4:03  Zergling x2  
  47  4:04  Zergling x2  
  45  4:12  Zergling x6  
  45  4:14  Baneling x2  
  45  4:16  Queen  
  48  4:21  Zergling x4  
  49  4:30  Baneling x2  
  49  4:32  Zergling x10  
  49  4:33  Baneling x2  
  49  4:35  Zergling x2  
  51  4:42  Zergling x2  
  47  4:45  Zerg Ground Armor Level 1  
  47  4:49  Zergling x2  
  46  4:54  Drone  
  45  5:02  Drone x2  
  45  5:05  Roach Warren  
  46  5:07  Baneling x2  
  46  5:10  Drone  
  46  5:11  Drone  
  46  5:12  Drone x2  
  50  5:14  Drone  
  50  5:15  Drone  
  50  5:17  Drone  
  53  5:27  Queen  
  55  5:32  Overlord  
  54  5:47  Roach x6  
  66  5:51  Overlord  
  66  5:52  Roach  
  66  5:53  Roach  
  66  5:55  Roach  
  71  5:57  Roach  
  71  6:00  Overlord  
  72  6:13  Roach x4  
  72  6:17  Overlord x2  
  80  6:19  Overlord  
  80  6:23  Roach  
  80  6:25  Roach  
  84  6:26  Roach  
  84  6:32  Roach x2  
  90  6:35  Ravager  
  90  6:36  Ravager x2  
  90  6:38  Zergling x6  
  96  6:41  Zergling x4  
  96  6:43  Zergling x2  
  99  6:47  Zergling x4  
  99  6:52  Overlord  
  100  6:54  Zergling x2  
  100  6:55  Zergling x4  
  100  6:58  Zergling x4  
  100  7:00  Ravager  
  106  7:03  Overlord  
  106  7:09  Overlord  
  106  7:12  Ravager x2, Zergling x2  
  106  7:13  Zergling x6  
  93  7:33  Zergling x10  
  85  7:39  Zergling x8  
Show
View Real Time Build Order
Export as new Build Order

Reynor Zerg - Winner!

Build Orders: Hatch First 

Get SALT Encoding   

  12  0:00  Drone  
  13  0:12  Overlord  
  13  0:16  Drone  
  14  0:30  Drone x2  
  16  0:47  Hatchery  
  15  0:50  Drone  
  15  0:54  Drone  
  17  0:57  Drone  
  18  1:08  Extractor  
  17  1:13  Spawning Pool  
  17  1:16  Drone  
  17  1:19  Drone  
  18  1:27  Drone  
  19  1:38  Drone  
  20  1:49  Drone  
  21  1:59  Overlord  
  21  2:00  Queen x2  
  21  2:01  Zergling x2  
  26  2:08  Metabolic Boost  
  26  2:10  Drone  
  26  2:11  Drone  
  28  2:20  Drone  
  28  2:21  Drone  
  30  2:33  Hatchery  
  30  2:35  Drone  
  30  2:41  Drone  
  31  2:46  Baneling Nest  
  31  2:48  Drone  
  31  2:49  Zergling x2  
  32  2:54  Overlord  
  32  2:57  Drone  
  33  3:04  Drone x2  
  35  3:11  Drone  
  36  3:13  Zergling x10  
  41  3:21  Evolution Chamber  
  41  3:22  Queen  
  41  3:24  Zergling x2  
  43  3:28  Overlord  
  43  3:30  Baneling x2  
  43  3:32  Drone  
  44  3:46  Drone x4  
  44  3:47  Overlord  
  48  3:49  Zergling x4  
  48  3:50  Zergling x2  
  48  3:54  Zerg Missile Weapons Level 1  
  51  3:56  Drone  
  51  3:59  Drone x2  
  51  4:01  Drone  
  54  4:03  Drone  
  53  4:11  Drone x2  
  53  4:14  Baneling x2  
  53  4:16  Overlord  
  55  4:17  Drone  
  55  4:26  Drone x2  
  55  4:27  Overlord  
  55  4:29  Drone x2  
  55  4:30  Drone  
  59  4:38  Overlord, Roach Warren  
  57  4:39  Extractor  
  57  4:40  Extractor  
  57  4:43  Zergling x12  
  59  4:48  Zergling x2  
  60  4:53  Zergling x2  
  60  4:57  Lair  
  58  5:02  Baneling x2  
  58  5:06  Drone x4  
  62  5:08  Overlord  
  62  5:11  Drone  
  63  5:15  Overlord  
  63  5:17  Drone  
  63  5:18  Roach x4  
  63  5:19  Roach  
  74  5:23  Roach  
  74  5:25  Drone x4  
  80  5:31  Roach x2  
  84  5:35  Drone  
  84  5:40  Drone  
  84  5:41  Overlord  
  85  5:44  Drone  
  85  5:45  Roach x2  
  85  5:46  Drone x6  
  85  5:47  Drone  
  97  5:50  Extractor x2  
  97  5:51  Extractor  
  97  5:52  Baneling x2  
  97  5:56  Overlord  
  94  5:57  Drone  
  94  6:00  Drone  
  96  6:04  Drone  
  96  6:07  Spire  
  95  6:12  Overlord  
  94  6:19  Drone x3  
  94  6:22  Drone  
  94  6:23  Drone  
  94  6:25  Overseer, Overlord  
  99  6:29  Hatchery, Glial Reconstitution  
  102  6:35  Overlord  
  102  6:36  Roach x2  
  106  6:42  Roach x4  
  106  6:43  Roach  
  106  6:45  Roach  
  118  6:47  Overlord  
  118  6:49  Ravager  
  118  6:50  Roach  
  115  6:55  Roach  
  115  6:56  Roach x6  
  115  6:57  Ravager  
  115  7:00  Roach x2  
  132  7:02  Overlord  
  132  7:04  Ravager  
  132  7:05  Ravager, Spine Crawler  
  132  7:07  Roach x3  
  140  7:10  Roach x3  
  140  7:12  Roach  
  140  7:13  Overlord  
  149  7:17  Roach x2  
  152  7:24  Roach x2  
  152  7:28  Roach  
  145  7:31  Roach x3  
  145  7:32  Roach  
  145  7:34  Roach  
  145  7:40  Roach  
  145  7:41  Roach x6  
Tags
 
Add a new tag
Caveats
  • Supply blocks, unpowered buildings, or Contaminate may cause inaccurate times.
  • Supply counts are checked every 10 seconds.